 Dungeon Crawl Stone Soup version 0.31-a0-986-g5e6e4ef867 (webtiles) character file.

Game seed: 15758944017485633517

68 ytrimaz the Changeling (level 3, -2/27 HPs)
             Began as a Demigod Shapeshifter on Nov 15, 2023.
             Slain by a gnoll
             ... wielding a +0 flail
              (11 damage)
             ... on level 2 of the Dungeon.
             The game lasted 00:01:46 (1510 turns).

ytrimaz the Changeling (Demigod Shapeshifter)       Turns: 1510, Time: 00:01:47

Health: -2/27      AC:  2    Str: 15    XL:     3   Next: 73%
Magic:  5/5        EV: 12    Int: 12    God:
Gold:   94         SH:  0    Dex: 17    Spells: 2/2 levels left

rFire   . .          .
                       - Unarmed
rCold   . . .        (no shield)
rNeg    . . .        a - +0 animal skin
rPois   .            (helmet currently unavailable)
rElec   .            (cloak currently unavailable)
rCorr   .            (gloves currently unavailable)
SInv    .            (boots currently unavailable)
Will    .....        (no amulet)
Stlth   ++           (no ring)
HPRegen 0.24/turn    (no ring)
MPRegen 0.09/turn

%: no passive effects
@: beast-form
A: beast (slay +2), high MP 1, forlorn, divine attributes
a: Begin Untransformation


You were on level 2 of the Dungeon.
You were a hulking beast.
You visited 1 branch of the dungeon, and saw 2 of its levels.

You collected 94 gold pieces.


Innate Abilities, Weirdness & Mutations

You are a hulking beast.
Your limbs bulge with bestial killing power. (Slay +2)
You have an increased reservoir of magic. (+10% MP)
You shall have no god before yourself.
Your divine heritage dramatically boosts your attributes as you level up.


   Skills:
 - Level 0.8 Fighting
 - Level 1.7 Dodging
 + Level 3.3 Unarmed Combat
 * Level 3.8 Shapeshifting


You had 2 spell levels left.
You didn't know any spells.
Your spell library contained the following spells:

 Spells                   Type           Power      Damage    Failure   Level
 Static Discharge         Conj/Air       0%         3-3/arc   45%         2
 Call Canine Familiar     Summ           0%         N/A       69%         3
 Sigil of Binding         Hex            0%         N/A       69%         3
 Airstrike                Air            0%         2d(0-16)  97%         4
 Dimensional Bullseye     Hex/Tloc       0%         N/A       97%         4
 Leda's Liquefaction      Hex/Erth       0%         N/A       97%         4
 Summon Lightning Spire   Summ/Air       0%         N/A       97%         4

Inventory:

Missiles
 k - a throwing net
Armour
 a - a +0 animal skin (worn)
Talismans
 c - a beast talisman
 d - a flux talisman
Scrolls
 e - a scroll of immolation {unknown}
 f - 2 scrolls of identify {unknown}
 g - a scroll of fear {unknown}
 h - a scroll of teleportation {unknown}
Potions
 i - 2 potions of haste {unknown}
 j - a potion of enlightenment {unknown}

Dungeon Overview and Level Annotations

Branches:
Dungeon (2/15) Zot: 10495

#.....# ###..
#.....### #.#
......... #.#
#........ #.#
#........ #.#
#g##....... #.#
#g##......# #.#
#g##......# #.#
#h##.....>#### #
#.#..........#
#.#..........#
#.#..........###.
####.#######........
#..............###..
#..............#
#..............# .
#..............# .


You could see 3 gnolls.


Message History

😕 HP[-1]
You take 1 damage, and now have 25/27 hp.
A bat is nearby!
You hit the bat.
You kill the bat! 😕 HP[+1] No target in view!
No target in view!
There is a stone staircase leading up here.
You now have 94 gold pieces (gained 14).
A bat comes into view.
The bat moves out of view. 😎 HP[+1]
Your hp is fully restored (27).
A bat is nearby!
A bat is nearby!
A kobold comes into view. It is wielding a +0 whip.
The kobold shouts!
There are monsters nearby!
You completely miss the bat. The bat misses you.
There are monsters nearby!
The bat closely misses you. The bat misses you.
You completely miss the bat. The bat barely misses you.
The bat closely misses you.
You hit the kobold. The bat closely misses you.
You barely miss the kobold. The bat hits you but does no damage.
The kobold barely misses you.
You miss the kobold. The bat closely misses you. The kobold misses you.
The bat hits you but does no damage.
You punch the kobold!
You kill the kobold!
The bat hits you. The bat closely misses you. 😕 HP[-1]
You take 1 damage, and now have 26/27 hp.
You hit the bat. The bat barely misses you.
The bat hits you but does no damage.
Things that are here:
a +0 whip; a kobold corpse The bat barely misses you.
The bat closely misses you. 😎 HP[+1]
Your hp is fully restored (27).
You hit the bat. The bat hits you but does no damage.
The bat closely misses you.
You closely miss the bat. The bat closely misses you.
The bat hits you but does no damage. The bat hits you but does no damage.
You closely miss the bat. The bat hits you but does no damage.
You hit the bat.
You kill the bat!
No target in view!
You pick up a book of the Hunter and begin reading...
You add the spells Sigil of Binding, Call Canine Familiar, Dimensional Bullseye and Leda's Liquefaction to your library.
Found an escape hatch in the floor.
A gnoll comes into view. It is wielding a +0 whip.
A gnoll is nearby!
A gnoll is nearby!
A gnoll comes into view. It is wielding a +0 whip.
The gnoll moves out of view.
A gnoll is nearby! 2 gnolls come into view.
The gnoll shouts!
You hear an angry hiss.
The gnoll barely misses you.
The gnoll moves out of view.
You closely miss the gnoll. The gnoll misses you.
There are monsters nearby!
You completely miss the gnoll. The gnoll completely misses you.
You hit the gnoll. You hit the gnoll.
The gnoll hits you with a +0 whip! 😮 HP[-8]
You take 8 damage, and now have 19/27 hp.
MASSIVE DAMAGE!! (PAUSE)
The gnoll attacks as it pursues you!
The gnoll hits you with a +0 whip. 😮 HP[-5]
You take 5 damage, and now have 14/27 hp.
The gnoll attacks as it pursues you! The gnoll closely misses you.
You barely miss the gnoll. The gnoll closely misses you.
You are too injured to fight recklessly!
You barely miss the gnoll. The gnoll barely misses you.
Unknown command.
You closely miss the gnoll. The gnoll hits you with a +0 whip.
* * * LOW HITPOINT WARNING * * *
You are too injured to fight recklessly! 😨 HP[-1]
You take 1 damage, and now have 13/27 hp.
You completely miss the gnoll. Your punch misses the gnoll.
The gnoll hits you with a +0 whip.
* * * LOW HITPOINT WARNING * * *
You are too injured to fight recklessly! 😨 HP[-5]
You take 5 damage, and now have 8/27 hp.
You hit the gnoll.
You are too injured to fight recklessly!
You punch the gnoll!
You kill the gnoll!
Unknown command.
You hit the gnoll but do no damage. The gnoll closely misses you. 😨 HP[+1]
You barely miss the gnoll. The gnoll hits you with a +0 flail!
You die...

Skill      XL: |  1  2 |
---------------+-------+-----
Shapeshifting  | 3 |  3.8
Unarmed Combat | 3 |  3.3
Fighting       | |  0.8
Dodging        | |  1.7

Action                     || total
---------------------------++-------
  Melee: Unarmed           ||   130
         Punch             ||     1
    Use: Potion            ||     2
 Armour: Animal skin       ||    73
         Skin              ||    36
  Dodge: Dodged            ||   110

Levels and vault maps discovered:
D:1:      lightli_iron_boxes, layout_loops_corners, basic_ecumenical_altar
D:2:      layout_basic, reono_crystal_passage

Notes
Turn   | Place    | Note
-------+----------+-------------------------------------------
     0 | D:1      | ytrimaz the Demigod Shapeshifter began the quest for the
                  | Orb.
     0 | D:1      | Reached XP level 1. HP: 15/15 MP: 3/3
     0 | D:1      | magus.rc [v1.9.6]
    39 | D:1      | HP: 3/15 [quokka (2)]
   237 | D:1      | Reached skill level 3 in Shapeshifting
   409 | D:1      | Reached XP level 2. HP: 18/22 MP: 4/4
   559 | D:1      | You pick up a book of Storms and begin reading...
   559 | D:1      | You add the spells Static Discharge, Airstrike and Summon
                  | Lightning Spire to your library.
  1081 | D:2      | Reached skill level 3 in Unarmed Combat
  1210 | D:2      | Reached XP level 3. HP: 13/27 MP: 5/5
  1461 | D:2      | You pick up a book of the Hunter and begin reading...
  1461 | D:2      | You add the spells Sigil of Binding, Call Canine Familiar,
                  | Dimensional Bullseye and Leda's Liquefaction to your
                  | library.
  1510 | D:2      | Slain by a gnoll

Vanquished Creatures
  A gnoll (D:2)
  3 adders (D:2)
  4 ball pythons
  7 bats
  2 endoplasms (D:2)
  A giant cockroach (D:2)
  2 goblins (D:1)
  3 hobgoblins
  A quokka (D:1)
  A frilled lizard (D:1)
  5 kobolds
  2 rats (D:1)
32 creatures vanquished.

Table legend:
 A = Non-vault XP
 B = Vault XP
 C = Vault XP percentage of total XP
 D = Non-vault monster count
 E = Vault monster count
 F = Vault count percentage of total count
                 A         B        C        D         E       F
            +---------+---------+-------+---------+---------+-------
      Total |      98 |       0 |   0.0 |      32 |       0 |   0.0
            +---------+---------+-------+---------+---------+-------
        D:1 |      23 |       0 |   0.0 |      15 |       0 |   0.0
        D:2 |      75 |       0 |   0.0 |      17 |       0 |   0.0
            +---------+---------+-------+---------+---------+-------

Skill      XL: |  1  2 |
---------------+-------+-----
Shapeshifting  | 3 |  3.8
Unarmed Combat | 3 |  3.3
Fighting       | |  0.8
Dodging        | |  1.7

Action                     || total
---------------------------++-------
  Melee: Unarmed           ||   130
         Punch             ||     1
    Use: Potion            ||     2
 Armour: Animal skin       ||    73
         Skin              ||    36
  Dodge: Dodged            ||   110

Illustrated notes

Table legend:
 A = Kills in this place as a percentage of kills in the entire game.
 B = Kills by you in this place as a percentage of kills by you in the entire game.
 C = Kills by friends in this place as a percentage of kills by friends in the entire game.
 D = Other kills in this place as a percentage of other kills in the entire game.
 E = Experience gained in this place as a percentage of experience gained in the entire game.
 F = Experience gained in this place divided by the number of levels of this place that you have seen.
                   A       B       C       D       E      F
               +-------+-------+-------+-------+-------+----------------------
         Total | 100.0 | 100.0 |   N/A |   N/A | 100.0 |  49.0
       Dungeon | 100.0 | 100.0 |   N/A |   N/A | 100.0 |  49.0
               +-------+-------+-------+-------+-------+----------------------

Table legend: (Time is in decaauts)
 A = Elapsed time spent in this place.
 B = Non-inter-level travel time spent in this place.
 C = Inter-level travel time spent in this place.
 D = Time resting spent in this place.
 E = Time spent auto-exploring this place.
 F = Levels seen in this place.
 G = Mean time per level.
                   A        B        C        D        E       F      G
               +--------+--------+--------+--------+--------+-----+--------+
         Total |   1503 |   1473 |     30 |      0 |   1200 |   2 |  751.5 |
       Dungeon |   1503 |   1473 |     30 |      0 |   1200 |   2 |  751.5 |
               +--------+--------+--------+--------+--------+-----+--------+

Top non-repeatable levels by time:
     D:1: 1050 daAuts
     D:2: 452 daAuts
